 Dungeon Crawl Stone Soup version 0.23.2-1-ga50397a (webtiles) character file.

Game seed: 4569929940774167141

315 MalarOregon the Grave Robber (level 6, -3/45 HPs)
             Began as a Ghoul Necromancer on May 26, 2019.
             Killed from afar by Blork the orc (5 damage)
             ... with a magic dart
             ... on level 4 of the Dungeon.
             The game lasted 00:07:51 (3022 turns).

MalarOregon the Grave Robber (Ghoul Necromancer)    Turns: 3022, Time: 00:07:52

Health: -3/45      AC:  2    Str: 16 (17) XL:     6   Next: 44%
Magic:  1/11       EV: 12    Int: 10 (12) God:
Gold:   99         SH:  0    Dex:  7 (9)  Spells: 9/13 levels left

rFire    . . .     SeeInvis .   o - +1 flail (protect)
rCold    + . .     Gourm    .   (no shield)
rNeg     + + +     Faith    .   a - +0 robe
rPois    ∞         Spirit   .   (no helmet)
rElec    .         Reflect  .   (no cloak)
rCorr    .         Harm     .   (no gloves)
MR       +....                  (no boots)
Stlth    ++........             (no amulet)
HPRegen  0.00/turn              l - ring of protection from magic
MPRegen  0.12/turn              (no ring)

@: mighty, rotting
A: rotting body, claws 1, carnivore, cold resistance 1, negative energy
resistance 3, inhibited regeneration, torment resistance, unbreathing
a: no special abilities


You were on level 4 of the Dungeon.
You were not hungry.

You visited 1 branch of the dungeon, and saw 6 of its levels.

You collected 99 gold pieces.

Inventory:

Hand Weapons
 g - a +4 dagger of freezing
   (You took it off a kobold on level 1 of the Dungeon)
 o - a +1 flail of protection (weapon)
   (You took it off a gnoll on level 2 of the Dungeon)
 p - a +0 dagger of venom
   (You found it on level 2 of the Dungeon)
Armour
 a - a +0 robe (worn)
Jewellery
 l - a ring of protection from magic (left claw)
   (You found it on level 4 of the Dungeon)
Wands
 t - a wand of flame (10)
   (You took it off Jessica on level 3 of the Dungeon)
 v - a wand of digging (5)
   (You found it on level 4 of the Dungeon)
Scrolls
 h - a scroll of amnesia
Potions
 b - a potion of flight
Comestibles
 e - 5 rations {!d}


   Skills:
 - Level 1.7 Dodging
 - Level 2.1 Stealth
 + Level 4.1 Spellcasting
 + Level 6.0 Necromancy


You had 9 spell levels left.
You knew the following spells:

 Your Spells              Type           Power        Failure   Level  Hunger
a - Pain                  Necr           ##..         2%          1    #......
q - Vampiric Draining     Necr           ##........   6%          3    ###....

Your spell library contained the following spells:

 Spells                   Type           Power        Failure   Level  Hunger
 Animate Skeleton         Necr           N/A          2%          1    #......
 Regeneration             Chrm/Necr      #.........   22%         3    ###....
 Animate Dead             Necr           N/A          22%         4    #####..
 Confusing Touch          Hex            #.....       26%         1    #......
 Confuse                  Hex            #.......     58%         3    ###....
 Gell's Gravitas          Tloc           #.........   58%         3    ###....
 Petrify                  Tmut/Erth      #.......     94%         4    #####..
 Metabolic Englaciation   Hex/Ice        #.........   100%        5    ######.
 Yara's Violent Unravell  Hex/Tmut       #.........   100%        5    ######.


Dungeon Overview and Level Annotations

Branches:
Dungeon (6/15)             Temple (0/1) D:4

Altars:

Shops:
D:4 (

Annotations:
D:4 Blork the orc


Innate Abilities, Weirdness & Mutations

Your body is rotting away.
You thrive on raw meat.
You are immune to poison.
You have sharp fingernails.
You are carnivorous and can eat meat at any time.
Your flesh is cold resistant. (rC+)
You are immune to negative energy. (rN+++)
You do not regenerate when monsters are visible.
You are immune to unholy pain and torment.
You can survive without breathing.


Message History

o - a +1 flail of protection (weapon)
You closely miss the phantom. The phantom hits you!
* * * LOW HITPOINT WARNING * * *
The phantom blinks!
You completely miss the hound skeleton. The hound skeleton bites you.
* * * LOW HITPOINT WARNING * * *
The hound skeleton bites you but does no damage.
You sock the hound skeleton!
Your weapon exudes an aura of protection.
You destroy the hound skeleton!
You feel your strength returning.
The phantom blinks!
Blork the orc hits you but does no damage.
Aim: Blork the orc, wielding a +0 short sword and wearing a +0 robe (fast)
You feel life coursing into your body.
You hear the slow rusting of a very distant drain.
Blork the orc completely misses you. Blork the orc barely misses you.
You barely miss Blork the orc.
Blork the orc gestures at you while chanting.
The puff of frost hits you. You resist.
* * * LOW HITPOINT WARNING * * *
Blork the orc barely misses you.
You hit Blork the orc but do no damage.
Your weapon exudes an aura of protection.
Blork the orc hits you but does no damage.
Blork the orc barely misses you.
You hit Blork the orc. Blork the orc barely misses you.
Blork the orc points at you and mumbles some strange words.
The puff of frost misses you.
It was a potion of might.
You feel very mighty all of a sudden.
Blork the orc hits you with a +0 short sword.
* * * LOW HITPOINT WARNING * * *
Blork the orc hits you but does no damage.
You bludgeon Blork the orc!!
Blork the orc hits you but does no damage.
The phantom blinks!
Blork the orc hits you but does no damage.
You barely miss Blork the orc.
Blork the orc hits you with a +0 short sword.
* * * LOW HITPOINT WARNING * * *
Blork the orc looks satisfied for a moment.
You feel better.
Blork the orc gestures at you while chanting.
The puff of frost hits you. You resist.
* * * LOW HITPOINT WARNING * * *
You barely miss Blork the orc. Blork the orc barely misses you.
Blork the orc points at you and mumbles some strange words.
The magic dart hits you.
You die...

*****,,,**** *,...,..,,,*
***** *,..,..*,,,* **,,,**
##....,*,,,*
*****,,,,.##*###..#.....,,*
*,,***,,,...#...........,**
,,,,,*,,,,........,...##,*
*,,,*,,,,**....#'#......**
*,,,,,,,.,,,#..#@#.....#*
,,,,...##..*#..#o#...#**
,,,,#......##...W...#*
,..##......###.....##
....#.......##....##
.......o......#..##
............#.#..#
............#...## ***
................# **,**


You could see a phantom and Blork the orc.

Vanquished Creatures
  A hound (D:6)
  An orc priest (D:5)
  Jessica (D:3)
  2 worker ants (D:4)
  A hound skeleton (D:4)
  A howler monkey zombie (D:5)
  7 adders
  A gnoll (D:2)
  A shadow imp (D:5)
  An ooze (D:1)
  4 worms
  2 leopard geckos
  4 orcs
  4 ball pythons
  4 giant cockroaches
  5 goblins
  3 hobgoblins
  4 jackals
  3 quokkas
  4 bats
  3 frilled lizards
  5 kobolds
  8 rats (D:1)
  3 fungi (D:1)
73 creatures vanquished.

Notes
Turn   | Place    | Note
-------+----------+-------------------------------------------
     0 | D:1      | MalarOregon the Ghoul Necromancer began the quest for the
                  | Orb.
     0 | D:1      | Reached XP level 1. HP: 14/14 MP: 2/2
   165 | D:1      | Reached XP level 2. HP: 17/20 MP: 0/4
   560 | D:1      | Reached XP level 3. HP: 19/26 MP: 5/5
   770 | D:1      | Learned a level 3 spell: Vampiric Draining
  1402 | D:2      | Reached XP level 4. HP: 23/33 MP: 4/7
  1868 | D:2      | Reached skill level 5 in Necromancy
  2269 | D:3      | Noticed Jessica
  2278 | D:3      | Killed Jessica
  2278 | D:3      | Reached XP level 5. HP: 6/38 MP: 1/8
  2329 | D:3      | You fall through a shaft for 3 floors!
  2401 | D:5      | Entered Level 5 of the Dungeon
  2819 | D:5      | Reached XP level 6. HP: 10/45 MP: 0/10
  2968 | D:4      | Noticed a phantom
  2976 | D:4      | Found a staircase to the Ecumenical Temple.
  2981 | D:4      | Noticed Blork the orc
  2993 | D:4      | Found Kaowam's Antique Weapon Boutique.
  3008 | D:4      | Reached skill level 6 in Necromancy
  3020 | D:4      | HP: 2/45 [Blork the orc/+0 short sword (4)]
  3022 | D:4      | Killed from afar by Blork the orc

Skill      XL: |  1  2  3  4  5  6 |
---------------+-------------------+-----
Spellcasting   | 2 3 4 |  4.1
Necromancy     | 5 6 |  6.0
Dodging        | |  1.7
Stealth        | |  2.1

Action                   |  1- 3 |  4- 6 || total
-------------------------+-------+-------++-------
Melee: Unarmed           |    35 |       ||    35
       Dagger            |    77 |   120 ||   197
       Flail             |       |     9 ||     9
 Cast: Pain              |    19 |     1 ||    20
       Vampiric Draining |     2 |    20 ||    22
Evoke: Wand              |       |     4 ||     4
  Use: Scroll            |       |     7 ||     7
       Potion            |       |     7 ||     7
 Stab: Sleeping          |     2 |     5 ||     7
  Eat: Chunk             |     7 |     6 ||    13
Armor: Robe              |    18 |    17 ||    35
Dodge: Dodged            |    67 |   119 ||   186
